 Dungeon Crawl Stone Soup version 0.29.0-5-ge4962eb29e (webtiles) character file.

Game seed: 7666974456782846403

2046 Mahakala the Cleaver (level 9, -1/75 HPs)
             Began as a Minotaur Berserker on Aug 28, 2022.
             Was a Believer of Trog.
             Slain by an unseen horror (6 damage)
             ... on level 7 of the Dungeon.
             The game lasted 00:23:38 (7688 turns).

Mahakala the Cleaver (Minotaur Berserker)           Turns: 7688, Time: 00:23:38

Health: -1/75      AC: 16    Str: 26    XL:     9   Next: 4%
Magic:  8/8        EV:  8    Int:  4    God:    Trog [**....]
Gold:   474        SH:  0    Dex: 10    Spells: 8/8 levels left

rFire   . . .      SeeInvis .   a - +0 hand axe
rCold   . . .      Faith    .   (no shield)
rNeg    . . .      Spirit   .   B - +0 plate armour
rPois   .          Reflect  .   (helmet restricted)
rElec   .          Harm     .   F - +0 cloak
rCorr   .          Rampage  .   q - +1 pair of gloves
Will    .....                   (no boots)
Stlth   ..........              (no amulet)
HPRegen 0.22/turn               (no ring)
MPRegen 0.11/turn               (no ring)

@: on berserk cooldown, slowed, invisible, very slow
A: horns 2, retaliatory headbutt
a: Renounce Religion, Berserk, Trog's Hand


You were on level 7 of the Dungeon.
You worshipped Trog.
Trog was pleased with you.
You visited 1 branch of the dungeon, and saw 7 of its levels.

You collected 474 gold pieces.

Inventory:

Hand Weapons
 a - a +0 hand axe (weapon)
 b - a +0 sling
Missiles
 n - 2 javelins
 y - 5 boomerangs
 E - 6 poisoned darts
Armour
 q - a +1 pair of gloves (worn)
 B - a +0 plate armour (worn)
 F - a +0 cloak (worn)
Wands
 d - a wand of iceblast (4)
 t - a wand of flame (3)
 v - a wand of digging (2)
Scrolls
 c - a scroll of torment {unknown}
 e - 9 scrolls of teleportation {@r4}
 g - 2 scrolls of enchant weapon {unknown}
 l - a scroll of immolation {unknown}
 o - a scroll of poison {unknown}
 p - 3 scrolls of enchant armour
 r - a scroll of brand weapon {unknown}
 s - a scroll of noise {!r}
 x - a scroll of fog {unknown}
 z - a scroll of fear {unknown}
 D - a scroll of vulnerability {unknown}
 G - a scroll of summoning {unknown}
 H - 2 scrolls of identify {@r1}
Potions
 f - 2 potions of curing {@q1}
 h - 2 potions of mutation {!q}
 i - a potion of cancellation
 j - 3 potions of haste {@q3}
 m - 5 potions of heal wounds {@q2}
 u - 2 potions of lignification {!q}
 w - a potion of might {unknown}
 A - a potion of degeneration {unknown}
 C - a potion of berserk rage {unknown}


   Skills:
 + Level 6.0 Fighting
 * Level 12.5 Axes
 - Level 6.0 Armour
 - Level 2.1 Dodging


You had 8 spell levels left.
You didn't know any spells.
Your spell library was empty.

Dungeon Overview and Level Annotations

Branches:
Dungeon (7/15)             Temple (0/1) D:4

Altars:
Ashenzari
Kikubaaqudgha
Okawaru
Ru
Sif Muna
Xom

Annotations:
D:6 exclusion: 2 goblins


Innate Abilities, Weirdness & Mutations

You have a pair of horns on your head.
You reflexively headbutt those who attack you in melee.


Message History

Something hits you but does no damage.
You barely miss something.
You feel the effects of Trog's Hand fading.
Something hits you but does no damage.
You hit something but do no damage. Something hits you but does no damage.
You swing at nothing.
Something hits you but does no damage.
You swing at nothing.
Something hits you. Something hits you.
* * * LOW HITPOINT WARNING * * *
Something hits you!
* * * LOW HITPOINT WARNING * * *
Something hits you but does no damage.
You aren't carrying any pieces of jewellery.
Unknown command.
You fade into invisibility!
Your skin stops crawling.
You feel less strong-willed. Something hits you but does no damage.
Something hits you.
* * * LOW HITPOINT WARNING * * *
You hit something but do no damage. Something hits you.
* * * LOW HITPOINT WARNING * * *
You miss something. Something hits you.
* * * LOW HITPOINT WARNING * * *
Something hits you.
* * * LOW HITPOINT WARNING * * *
Something hits you but does no damage. Something hits you but does no damage.
Something hits you.
* * * LOW HITPOINT WARNING * * *
Something hits you but does no damage. Something hits you!
* * * LOW HITPOINT WARNING * * *
Something hits you but does no damage. Something hits you.
You die...

....# ###### ....#
#....# ....# #....#
....# #....######
....### #....+....##
......# #....#..#..##
....#.# ###...{##...##
....#.### #...##.....##
....#...# #...#@......#
....###.#####.##.......#
....#
#....#..#.........#
....#
####.#.##.........#
....# #...#.......####
....# #####....####
####### #....# ......#
#...## ......#


There were no monsters in sight!

Vanquished Creatures
  Joseph (D:7)
  Grinder (D:3)
  Sigmund (D:6)
  A steam dragon (D:7)
  A black bear (D:6)
  A sky beast (D:7)
  3 ogres
  A phantom (D:6)
  A kobold brigand (D:7)
  A gnoll sergeant (D:6)
  A scorpion (D:6)
  2 electric eels (D:6)
  3 jellies
  2 iguanas
  Natasha (thrice) (D:2)
  An orc wizard (D:7)
  5 gnolls
  8 adders
  A shadow imp (D:5)
  A white imp (D:5)
  8 dart slugs (D:6)
  18 orcs
  6 ball pythons
  9 bats
  3 endoplasms
  2 giant cockroaches (D:2)
  4 goblins
  4 hobgoblins
  16 kobolds
  4 quokkas
  12 frilled lizards
  2 rats
127 creatures vanquished.

Vanquished Creatures (others)
  4 plants (D:1)
4 creatures vanquished.

Grand Total: 131 creatures vanquished

Notes
Turn   | Place    | Note
-------+----------+-------------------------------------------
     0 | D:1      | Mahakala the Minotaur Berserker began the quest for the
                  | Orb.
     0 | D:1      | Reached XP level 1. HP: 19/19 MP: 0/0
   382 | D:1      | Reached skill level 4 in Axes
   489 | D:1      | Reached XP level 2. HP: 23/27 MP: 1/1
  1244 | D:1      | Found a faded altar of an unknown god.
  1779 | D:2      | Reached XP level 3. HP: 33/33 MP: 2/2
  1871 | D:2      | Reached skill level 5 in Axes
  2198 | D:2      | Noticed Natasha
  2207 | D:2      | Killed Natasha
  2208 | D:2      | Reached XP level 4. HP: 41/41 MP: 3/3
  2302 | D:2      | Noticed Natasha
  2314 | D:2      | Killed Natasha
  2656 | D:2      | Noticed Natasha
  2666 | D:2      | Killed Natasha
  2667 | D:2      | Reached skill level 5 in Fighting
  2667 | D:2      | Reached skill level 6 in Axes
  2667 | D:2      | Reached XP level 5. HP: 48/48 MP: 4/4
  2761 | D:3      | Found a shimmering altar of Xom.
  2863 | D:3      | Noticed Grinder
  2869 | D:3      | Paralysed by Grinder for 5 turns
  2878 | D:3      | Killed Grinder
  2879 | D:3      | Reached skill level 7 in Axes
  2879 | D:3      | Reached XP level 6. HP: 56/56 MP: 5/5
  2958 | D:3      | You fall into a shaft and drop 2 floors!
  2958 | D:5      | Entered Level 5 of the Dungeon
  3060 | D:3      | Reached ** piety under Trog
  3081 | D:3      | Found a sacrificial altar of Ru.
  3155 | D:3      | Reached skill level 8 in Axes
  3518 | D:4      | Found a staircase to the Ecumenical Temple.
  4330 | D:5      | Reached XP level 7. HP: 61/61 MP: 6/6
  4376 | D:5      | Reached skill level 9 in Axes
  4419 | D:5      | Found an ancient bone altar of Kikubaaqudgha.
  4420 | D:5      | Found a broken altar of Ashenzari.
  4843 | D:5      | Found a shimmering blue altar of Sif Muna.
  5272 | D:6      | Found an iron altar of Okawaru.
  5550 | D:6      | Reached skill level 10 in Axes
  5803 | D:6      | Reached skill level 5 in Armour
  5803 | D:6      | Reached XP level 8. HP: 68/68 MP: 7/7
  6230 | D:6      | Noticed Sigmund
  6242 | D:6      | Killed Sigmund
  6243 | D:6      | Reached skill level 11 in Axes
  7162 | D:7      | Noticed Joseph
  7197 | D:7      | Killed Joseph
  7198 | D:7      | Reached skill level 12 in Axes
  7442 | D:7      | Reached XP level 9. HP: 75/75 MP: 8/8
  7688 | D:7      | Slain by an unseen horror

Illustrated notes

Levels and vault maps discovered:
D:1:      minmay_arrival_stone_box, layout_basic,
          hellmonk_ecumenical_altar_arch_garden, minmay_lizard_king
D:2:      layout_basic, uniq_natasha
D:3:      layout_rooms, mainiacjoe_overflow_surrounded_room, lemuel_tele_altar,
          uniq_grinder
D:4:      layout_basic, minmay_temple_entry_slanted, minmay_vboxes
D:5:      layout_basic, grunt_temple_overflow_open,
          nicolae_sif_muna_condensation
D:6:      kennysheep_slugbush, layout_layer_cave, kennysheep_okawaru_gauntlet,
          uniq_sigmund
D:7:      kennysheep_spiral_hall, layout_basic, uniq_joseph

Skill      XL: |  1  2  3  4  5  6  7  8 |
---------------+-------------------------+-----
Axes           | 4 5 6 7 8 10 12 | 12.5
Fighting       | 4 5 6 |  6.0
Armour         | 3 5 6 |  6.0
Dodging        | |  2.1

Action                   |  1- 3 |  4- 6 |  7- 9 || total
-------------------------+-------+-------+-------++-------
Melee: Hand axe          |    86 |   101 |   186 ||   373
       Headbutt          |     9 |    16 |    30 ||    55
       Punch             |     1 |     1 |     4 ||     6
 Fire: Sling             |     5 |       |       ||     5
Invok: Berserk           |     5 |     5 |     7 ||    17
       Trog's Hand       |       |       |     2 ||     2
Evoke: Wand              |       |     6 |     4 ||    10
  Use: Scroll            |     1 |     2 |     7 ||    10
       Potion            |       |       |     1 ||     1
Armor: Animal skin       |     3 |       |       ||     3
       Leather armour    |    12 |       |       ||    12
       Ring mail         |     9 |    11 |       ||    20
       Plate armour      |       |    11 |   128 ||   139
       Scale mail        |       |     4 |       ||     4
       Chain mail        |       |     4 |       ||     4
Dodge: Dodged            |    42 |    41 |    38 ||   121
